AoeStats
← RAE1994

MegaRandom

507733289Analyzed
3v3 RM · 11d ago on Sep 19, 2026· 61m 50s· 6 players
Game mode
Random Map
Map size
Normal (6 player)
Population
200
Speed
Normal
Resources
Standard
Victory
Conquest
Starting age
Dark Age
Ending age
Imperial Age
RankedLock teamsTeams togetherTeam positionsShared explorationLock speedFull tech treeHidden civsTurbo modeCheats
Victory
Defeat
🇹🇼 Franks · Taiwan
827
+17
🇹🇼 Britons · Taiwan
813
+18
🇹🇼 Japanese · Taiwan
793
+19
🇨🇳 Magyars · China
902
-19
🇬🇧 Hindustanis · United Kingdom
848
-18
🇨🇭 Spanish · Switzerland
825
-17
RAE1994
9:50 Loom
12:49 Feudal Age
27:57 Castle Age
大表哥
11:35 Feudal Age
17:58 Castle Age
15:50 Double-Bit Axe
16:52 Horse Collar
17:06 Gold Mining
17:06 Stone Mining
19:24 Bow Saw
20:00 Loom
22:28 Bloodlines
25:55 Heavy Plow
27:28 Wheelbarrow
30:48 Scale Mail Armor
30:54 Husbandry
36:40 Imperial Age
33:59 Town Watch
35:57 Town Patrol
36:13 Hand Cart
35:29 Pikeman
37:30 Scale Barding Armor
37:17 Fletching
37:28 Padded Archer Armor
39:19 Two-Man Saw
38:25 Cavalier
39:28 Chain Barding Armor
41:17 Crop Rotation
40:45 Halberdier
42:23 Paladin
45:55 Gold Shaft Mining
45:38 Recurve Bow
46:16 Hoardings
46:03 Arson
47:32 Man-at-Arms
49:22 Elite Magyar Huszar
50:24 Conscription
49:54 Man-at-Arms
51:55 Plate Barding Armor
51:20 Scale Mail Armor
50:48 Elite Skirmisher
51:33 Thumb Ring
52:36 Corvinian Army
52:19 Long Swordsman
53:24 Two-Handed Swordsman
54:40 Masonry
54:10 Treadmill Crane
54:26 Murder Holes
57:28 Ballistics
60:04 Chain Mail Armor
59:45 Bodkin Arrow
60:06 Leather Archer Armor
omi_omar
1:04 Loom
11:18 Feudal Age
11:47 Horse Collar
11:54 Double-Bit Axe
16:43 Wheelbarrow
19:45 Castle Age
18:20 Padded Archer Armor
21:11 Bow Saw
21:03 Heavy Plow
24:53 Hand Cart
25:00 Gold Mining
29:36 Pikeman
30:17 Squires
30:03 Arson
30:34 Gambesons
34:36 Fervor
34:40 Redemption
35:16 Leather Archer Armor
34:52 Fletching
34:52 Town Watch
35:25 Inquisition
35:45 Town Patrol
36:07 Ballistics
35:59 Fortified Wall
36:14 Stone Mining
37:58 Stone Shaft Mining
37:39 Husbandry
37:52 Bloodlines
39:48 Murder Holes
40:04 Masonry
42:58 Imperial Age
43:25 Forging
43:16 Scale Mail Armor
43:11 Bodkin Arrow
43:22 Scale Barding Armor
43:07 Elite Conquistador
44:10 Conscription
45:06 Supremacy
44:14 Halberdier
46:47 Cavalier
52:52 Chemistry
51:50 Paladin
Hot_Sauce_0524
15:34 Feudal Age
19:50 Castle Age
22:32 Wheelbarrow
21:45 Double-Bit Axe
21:52 Gold Mining
21:55 Fletching
24:35 Bodkin Arrow
25:50 Yeomen
28:42 Bow Saw
29:56 Loom
31:58 Horse Collar
35:38 Imperial Age
34:19 Gold Shaft Mining
33:36 Stone Mining
35:35 Padded Archer Armor
36:15 Ballistics
36:17 Elite Longbowman
38:01 Chemistry
39:24 Bracer
39:41 Leather Archer Armor
40:05 Heavy Plow
41:30 Conscription
44:02 Ring Archer Armor
45:07 Town Watch
45:40 Hand Cart
46:23 Warwolf
chen07061027
9:53 Loom
10:34 Loom
12:20 Feudal Age
18:22 Castle Age
18:15 Double-Bit Axe
22:16 Scale Barding Armor
23:43 Husbandry
25:54 Wheelbarrow
27:32 Gold Mining
29:50 Chain Barding Armor
29:43 Forging
31:31 Stone Mining
32:19 Gold Shaft Mining
34:02 Iron Casting
37:39 Imperial Age
36:48 Bow Saw
38:44 #83
39:36 Chemistry
40:38 Plate Barding Armor
39:25 Cavalier
47:09 Paladin
49:34 Blast Furnace
49:45 Conscription
51:17 Chivalry
61:20 Siege Engineers
社會真黑暗
12:53 Feudal Age
11:11 Loom
12:58 Feudal Age
20:00 Castle Age
18:48 Double-Bit Axe
18:49 Horse Collar
19:01 Gold Mining
20:26 Scale Mail Armor
22:28 Bow Saw
23:41 Wheelbarrow
23:08 Heavy Plow
30:51 Pikeman
34:58 Imperial Age
33:27 Gold Shaft Mining
35:05 Hand Cart
37:04 Chain Mail Armor
37:00 Forging
38:16 Kataparuto
38:08 Squires
39:08 Gambesons
39:09 Arson
39:33 Halberdier
40:48 Plate Mail Armor
41:36 Two-Man Saw
44:47 Elite Samurai
Connection lost

Rejoining the realm…

Still unreachable

The connection could not be restored.

Session expired

The server has moved on; the page needs a fresh start.